 Dungeon Crawl Stone Soup version 0.22.1-2-g9c5b331383 (webtiles) character file.

38 Honti the Firebug (level 3, -4/26 HPs)
             Began as a Draconian Fire Elementalist on Dec 14, 2018.
             Killed by nerve-wracking pain
             ... invoked by an orc priest
              (5 damage)
             ... on level 2 of the Dungeon on Dec 15, 2018.
             The game lasted 00:08:09 (1084 turns).

Honti the Firebug (Draconian Fire Elementalist)     Turns: 1084, Time: 00:08:09

Health: -4/26      AC:  5    Str: 10    XL:     3   Next: 25%
Magic:  4/6        EV: 12    Int: 16    God:
Gold:   45         SH:  0    Dex: 11    Spells: 0/6 levels left

rFire    . . .     SeeInvis .   e - +0 hunting sling
rCold    . . .     Gourm    .   (no shield)
rNeg     . . .     Faith    .   (armour unavailable)
rPois    .         Spirit   .   (helmet restricted)
rElec    .         Reflect  .   (no cloak)
rCorr    .         Harm     .   (no gloves)
MR       .....                  (no boots)
Stlth    ++........             (no amulet)
HPRegen  0.08/turn              (no ring)
MPRegen  0.10/turn              (no ring)

@: no status effects
A: unfitting armour, cold-blooded, AC +5
a: no special abilities


You were on level 2 of the Dungeon.
You were not hungry.

You visited 1 branch of the dungeon, and saw 2 of its levels.

You collected 45 gold pieces.

Inventory:

Hand Weapons
 e - a +0 hunting sling (weapon)
 g - a +0 short sword
 i - a +0 dagger
Missiles
 j - 15 stones (quivered)
Scrolls
 a - a scroll of amnesia {unknown}
 c - a scroll of remove curse {unknown}
 d - a scroll of magic mapping {unknown}
 n - a scroll of random uselessness {unknown}
 o - a scroll of teleportation {unknown}
Potions
 h - a potion of heal wounds {unknown}
 k - a potion of might {unknown}
 l - a potion of lignification {unknown}
 m - a potion of magic {unknown}
Comestibles
 b - 5 rations
 f - 5 chunks of flesh


   Skills:
 - Level 0.2 Slings
 - Level 2.0 Dodging
 - Level 1.7 Stealth
 + Level 2.2 Spellcasting
 * Level 2.0 Conjurations
 * Level 3.4 Fire Magic


You couldn't memorise any spells.
You knew the following spells:

 Your Spells              Type           Power        Failure   Level  Hunger
a - Flame Tongue          Conj/Fire      ##...        7%          1    #......
b - Throw Flame           Conj/Fire      ##....       10%         2    ###....
c - Conjure Flame         Conj/Fire      ##......     21%         3    ###....

Your spell library contained the following spells:

 Spells                   Type           Power        Failure   Level  Hunger
 Inner Flame              Hex/Fire       #.......     30%         3    ###....
 Sticky Flame             Conj/Fire      ##......     54%         4    #####..
 Fireball                 Conj/Fire      ##........   88%         5    ######.


Dungeon Overview and Level Annotations

Branches:
Dungeon (2/15)

Altars:


Innate Abilities, Weirdness & Mutations

Your plain brown scales are hard. (AC +5)
You cannot fit into any form of body armour.
You are cold-blooded and may be slowed by cold attacks.


Message History

Casting: Flame Tongue (safe; 7% risk of failure)
Confirm with . or Enter, or press ? or * to list all spells.
You can't see any susceptible monsters within range! (Use Z to cast anyway.) Firing (i - inventory)
j - 16 stones (quivered)
Press: ? - help, Shift-Dir - straight line, f - orc priest
Aim: an orc priest, wielding a whip You shoot a stone.
The stone barely misses the orc priest.
The orc priest invokes the aid of Beogh against you.
Beogh smites you!
* * * LOW HITPOINT WARNING * * *
Casting: Flame Tongue (safe; 7% risk of failure)
Confirm with . or Enter, or press ? or * to list all spells.
Aiming: Flame Tongue (safe; 7% risk of failure)
Press: ? - help, Shift-Dir - straight line, f/p - orc priest
Aim: an orc priest, wielding a whip The flame tongue hits the orc priest.
The orc priest is lightly wounded.
The orc priest invokes the aid of Beogh against you.
Pain shoots through your body!
You die...

#######........#
#.#........
#######'#######..
#.........# ..
#.........#
#.........# .
#.........#
...########'###
o.....#####@#
.oo...ooo(..#
...##.####### #


You could see 2 orc priests and an orc.

Vanquished Creatures
  An ooze (D:1)
  A dart slug (D:1)
  A ball python (D:1)
  A giant cockroach (D:1)
  5 goblins
  5 hobgoblins
  5 bats (D:1)
  2 frilled lizards (D:1)
  5 kobolds
  3 rats (D:1)
29 creatures vanquished.

Notes
Turn   | Place    | Note
-------+----------+-------------------------------------------
     0 | D:1      | Honti the Draconian Fire Elementalist began the quest for
                  | the Orb.
     0 | D:1      | Reached XP level 1. HP: 14/14 MP: 3/3
   392 | D:1      | Reached XP level 2. HP: 20/20 MP: 3/5
   911 | D:1      | Reached XP level 3. HP: 26/26 MP: 4/6
  1064 | D:2      | Learned a level 2 spell: Throw Flame
  1068 | D:2      | Learned a level 3 spell: Conjure Flame
  1083 | D:2      | HP: 1/26 [orc priest/divine providence (10)]
  1084 | D:2      | Killed from afar by an orc priest

Skill      XL: |  1  2  3 |
---------------+----------+-----
Dodging        | 2 |  2.0
Conjurations   | 2 |  2.0
Slings         | |  0.2
Stealth        | |  1.7
Spellcasting   | |  2.2
Fire Magic     | |  3.4

Action                   || total
-------------------------++-------
Melee: Hunting sling     ||    11
       Tailslap          ||     1
 Fire: Hunting sling     ||    28
 Cast: Flame Tongue      ||    33
 Stab: Sleeping          ||     1
  Eat: Chunk             ||     1
Armor: Skin              ||    14
Dodge: Dodged            ||    30
